 Dungeon Crawl Stone Soup version 0.30-a0-385-gfebfb9b408 (webtiles) character file.

Game seed: 3793100624095605138

133 funkygono the Firebug (level 4, -10/30 HPs)
             Began as a Demonspawn Fire Elementalist on Dec 2, 2022.
             Mangled by Crazy Yiuf
             ... wielding a +3 quarterstaff of chaos
              (17 damage)
             ... on level 2 of the Dungeon.
             The game lasted 00:04:01 (2497 turns).

funkygono the Firebug (DsFE)                        Turns: 2497, Time: 00:04:01

Health: -10/30     AC:  6    Str:  8    XL:     4   Next: 93%
Magic:  2/8        EV: 11    Int: 18    God:
Gold:   56         SH:  5    Dex: 14    Spells: 5/8 levels left

rFire   + . .      SeeInvis .    x - +0 mace
rCold   . . .      Faith    .    (no shield)
rNeg    . . .      Spirit   .    d - +2 leather armour {rF+}
rPois   .          Reflect  +    p - +0 hat
rElec   .          Harm     .    (no cloak)
rCorr   .          Rampage  .    (no gloves)
Will    .....                    (no boots)
Stlth   ++........               i - amulet of reflection
HPRegen 0.25/turn                (no ring)
MPRegen 0.22/turn                (no ring)

@: very slightly contaminated
A: horns 1, rugged brown scales 1, magic regeneration
a: no special abilities


You were on level 2 of the Dungeon.
You visited 1 branch of the dungeon, and saw 2 of its levels.

You collected 56 gold pieces.

Inventory:

Hand Weapons
 x - a +0 mace (weapon)
Armour
 a - a +0 robe
 d - a +2 leather armour of fire resistance (worn)
 p - a +0 hat (worn)
Magical Staves
 t - a staff of earth
 u - a staff of cold
Jewellery
 i - an amulet of reflection (around neck)
Wands
 v - a wand of roots (6)
Scrolls
 c - a scroll of torment {unknown}
 e - a scroll of identify {unknown}
 g - a scroll of poison {unknown}
 k - a scroll of brand weapon {unknown}
 n - a scroll of blinking {unknown}
 r - a scroll of enchant armour {unknown}
 s - a scroll of magic mapping {unknown}
 w - a scroll of amnesia {unknown}
Potions
 b - a potion of magic
 f - a potion of haste {unknown}
 h - 4 potions of curing {unknown}
 j - a potion of brilliance {unknown}
 l - a potion of mutation {unknown}
 m - 3 potions of attraction {unknown}
 o - a potion of berserk rage {unknown}
 q - a potion of flight {unknown}


   Skills:
 + Level 0.6 Armour
 + Level 2.0 Dodging
 - Level 1.7 Stealth
 + Level 0.5 Shields
 + Level 2.8 Spellcasting
 + Level 2.6 Conjurations
 + Level 3.6 Fire Magic


You had 5 spell levels left.
You knew the following spells:

 Your Spells              Type           Power      Damage    Failure   Level
a - Foxfire               Conj/Fire      52%        2x1d6     6%          1
b - Scorch                Fire           30%        2d7       8%          2

Your spell library contained the following spells:

 Spells                   Type           Power      Damage    Failure   Level
 Inner Flame              Hex/Fire       9%         N/A       32%         3
 Kindle Blastsparks       Fire/Tloc/Air  12%        2d11      38%         3
 Flame Wave               Conj/Fire      13%        2d6       54%         4


Dungeon Overview and Level Annotations

Branches:
Dungeon (2/15)

Altars:

Shops:
D:1 *

Annotations:
D:2 Crazy Yiuf


Innate Abilities, Weirdness & Mutations

You have a pair of small horns on your head.
You are partially covered in rugged brown scales. (AC +1, +3% HP)
You regenerate magic rapidly.


Message History

Confirm with . or Enter, or press ? or * to list all spells.
You conjure some foxfire!
The foxfire hits Natasha.
You kill Natasha!
Natasha yowls pathetically as she dies!
Unknown command.
Casting: Foxfire (safe; 6% risk of failure)
Confirm with . or Enter, or press ? or * to list all spells.
You conjure some foxfire!
Your foxfire dissipates!
Unknown command.
Your foxfire dissipates! x2
Your foxfire dissipates! x2
You feel yourself speed up.
You see here a +0 dagger.
There is an escape hatch in the floor here.
There is an open door here.
Crazy Yiuf waves his quarterstaff at you.
You open the door.
Casting: Foxfire (safe; 6% risk of failure)
Confirm with . or Enter, or press ? or * to list all spells.
Flames lash Crazy Yiuf.
Crazy Yiuf is moderately wounded.
Crazy Yiuf's fire resistance burns away.
Crazy Yiuf zaps a wand.
You resist with some effort.
Casting: Scorch (safe; 8% risk of failure)
Confirm with . or Enter, or press ? or * to list all spells.
Flames lash Crazy Yiuf.
Crazy Yiuf is burned terribly!
Crazy Yiuf is severely wounded.
Crazy Yiuf hits you with a +3 quarterstaff of chaos!
Crazy Yiuf burns you.
Casting: Scorch (safe; 8% risk of failure)
Confirm with . or Enter, or press ? or * to list all spells.
You miscast Scorch.
You are very lightly contaminated with residual magic.
Nothing appears to happen.
Crazy Yiuf hits you with a +3 quarterstaff of chaos!
* * * LOW HITPOINT WARNING * * *
You are electrocuted!
Ouch! That really hurt!
You die...

#..).###.####......
#....# #.'>.)....).
♣.)..♣ #.#########.
♣♣...♣ #.# #. ♣♣.♣♣
#.# #. ♣♣.♣ #.# #.
♣.♣♣ #.# #. ♣♣.♣
#.#### ## ♣@♣♣
#.'..# #g#
#.##.####### ...
#.##........ #...#
############ #)..#
#####


You could see Crazy Yiuf (combustible).

Vanquished Creatures
  Natasha (twice) (D:2)
  2 adders (D:2)
  A worm (D:2)
  A dart slug (D:1)
  5 endoplasms
  2 giant cockroaches (D:2)
  6 goblins
  6 hobgoblins
  6 jackals
  5 kobolds
  A quokka (D:1)
  8 ball pythons
  5 bats
  3 frilled lizards
  5 rats
58 creatures vanquished.

Vanquished Creatures (others)
  150 foxfires
150 creatures vanquished.

Grand Total: 208 creatures vanquished

Notes
Turn   | Place    | Note
-------+----------+-------------------------------------------
     0 | D:1      | funkygono the Demonspawn Fire Elementalist began the quest
                  | for the Orb.
     0 | D:1      | Reached XP level 1. HP: 13/13 MP: 3/3
   303 | D:1      | Reached skill level 3 in Fire Magic
   460 | D:1      | Gained mutation: You have a pair of small horns on your
                  | head. [demonic ancestry]
   460 | D:1      | Reached XP level 2. HP: 19/19 MP: 3/5
   502 | D:1      | Learned a level 2 spell: Scorch
   612 | D:1      | Found Quwka's General Store.
  1419 | D:2      | Gained mutation: You regenerate magic rapidly. [demonic
                  | ancestry]
  1419 | D:2      | Reached XP level 3. HP: 24/24 MP: 3/6
  1873 | D:2      | Gained mutation: You are partially covered in rugged brown
                  | scales. (AC +1, +3% HP) [demonic ancestry]
  1873 | D:2      | Reached XP level 4. HP: 9/30 MP: 0/7
  2127 | D:2      | Found a runed translucent door.
  2128 | D:2      | Noticed Crazy Yiuf
  2296 | D:2      | Noticed Natasha
  2307 | D:2      | Killed Natasha
  2432 | D:2      | Noticed Natasha
  2439 | D:2      | Killed Natasha
  2497 | D:2      | Mangled by Crazy Yiuf

Illustrated notes

Levels and vault maps discovered:
D:1:      lightli_arrival_chessboard, layout_loops_corners, serial_shops,
          shop_statue
D:2:      layout_basic, uniq_crazy_yiuf_cottage, uniq_natasha

Skill      XL: |  1  2  3  4 |
---------------+-------------+-----
Fire Magic     | 3 |  3.6
Dodging        | 2 |  2.0
Conjurations   | 2 |  2.6
Armour         | |  0.6
Stealth        | |  1.7
Shields        | |  0.5
Spellcasting   | |  2.8

Action                   |  1- 3 |  4- 6 || total
-------------------------+-------+-------++-------
Melee: Unarmed           |     7 |       ||     7
       Club              |     6 |       ||     6
       Headbutt          |     1 |       ||     1
       Mace              |       |     4 ||     4
 Cast: Foxfire           |    66 |    21 ||    87
       Scorch            |    10 |     8 ||    18
Armor: Leather armour    |    18 |     5 ||    23
Dodge: Dodged            |    20 |    12 ||    32
Block: Other             |     5 |     5 ||    10

Table legend: (Time is in decaauts)
 A = Elapsed time spent in this place.
 B = Non-inter-level travel time spent in this place.
 C = Inter-level travel time spent in this place.
 D = Time resting spent in this place.
 E = Time spent auto-exploring this place.
 F = Levels seen in this place.
 G = Mean time per level.
                   A        B        C        D        E       F      G
               +--------+--------+--------+--------+--------+-----+--------+
         Total |   2506 |   2464 |     42 |    107 |   1900 |   2 | 1253.0 |
       Dungeon |   2506 |   2464 |     42 |    107 |   1900 |   2 | 1253.0 |
               +--------+--------+--------+--------+--------+-----+--------+

Top non-repeatable levels by time:
     D:1: 1408 daAuts
     D:2: 1097 daAuts
